 Dungeon Crawl Stone Soup version 0.28.0 (webtiles) character file.

Game seed: 15687463344837710983

2097 enile the Thaumaturge (level 9, -6/62 HPs)
             Began as a Djinni Ice Elementalist on Feb 5, 2022.
             Was a Believer of the Shining One.
             Mangled by a troll (10 damage)
             ... on level 7 of the Dungeon on Feb 14, 2022.
             The game lasted 00:16:31 (10620 turns).

enile the Thaumaturge (Djinni Ice Elementalist)    Turns: 10620, Time: 00:16:32

Health: -6/62      AC:  6    Str:  7    XL:     9   Next: 52%
Gold:   297        EV: 12    Int: 20    God:    the Shining One [**....] SH:  7 Dex: 15

rFire   + + .      SeeInvis .   w - +0 battleaxe
rCold   . . .      Faith    .   (shield currently unavailable)
rNeg    + . .      Spirit   .   n - +3 leather armour {rC+}
rPois   ∞          Reflect  .   (no helmet)
rElec   .          Harm     .   (no cloak)
rCorr   .          Rampage  .   (no gloves)
Will    .....                   (boots unavailable)
Stlth   +.........              (no amulet)
HPRegen 0.20/turn               d - ring of willpower
MPRegen 0.00/turn               (no ring)

@: divinely shielded, weak-willed, flying, glowing
A: sickness immunity, fire resistance 2, cold vulnerability 1, float, innate
caster, HP casting, extra vitality 1
a: Renounce Religion, Divine Shield


You were on level 7 of the Dungeon.
You worshipped the Shining One.
The Shining One was pleased with you.
You visited 1 branch of the dungeon, and saw 7 of its levels.

You collected 310 gold pieces.
You donated 13 gold pieces to Zin.

Inventory:

Hand Weapons
 h - a +1 short sword of venom
 i - a +2 short sword of freezing
 l - a +0 scythe
 w - a +0 battleaxe (weapon)
 y - a +3 quarterstaff of chaos
 z - a +0 dire flail
Armour
 a - a +0 robe
 n - a +3 leather armour of cold resistance (worn)
Jewellery
 d - a ring of willpower (left hand)
Wands
 t - a wand of charming (5)
Scrolls
 b - 5 scrolls of identify {unknown}
 c - 2 scrolls of teleportation
 e - 2 scrolls of fog
 k - a scroll of vulnerability
 o - a scroll of blinking {unknown}
 s - a scroll of brand weapon {unknown}
 x - a scroll of torment {unknown}
Potions
 g - a potion of lignification
 j - 2 potions of mutation {unknown}
 p - a potion of might {unknown}
 q - 2 potions of berserk rage {unknown}
 r - a potion of degeneration {unknown}
 u - a potion of invisibility {unknown}
 v - 5 potions of curing {unknown}


   Skills:
 - Level 4.0 Fighting
 - Level 2.0 Short Blades
 + Level 2.1 Axes
 - Level 4.0 Dodging
 - Level 2.0 Stealth
 - Level 8.0 Spellcasting
 - Level 3.0 Invocations


You had 5 spell levels left.
You knew the following spells:

 Your Spells              Type           Power      Damage    Failure   Level
a - Freeze                Ice            100%       1d11      1%          1
b - Frozen Ramparts       Ice            80%        1d10      1%          3
c - Ozocubu's Armour      Ice            40%        N/A       1%          3
d - Hailstorm             Conj/Ice       40%        3d10      4%          4
e - Foxfire               Conj/Fire      100%       2x1d9     1%          1
f - Corpse Rot            Necr/Air       80%        N/A       1%          2
g - Poisonous Vapours     Pois/Air       80%        N/A       1%          2
h - Lesser Beckoning      Tloc           40%        N/A       1%          3
Your spell library was empty.

Dungeon Overview and Level Annotations

Branches:
Dungeon (7/15)             Temple (0/1) D:7

Altars:
Ashenzari
Dithmenos
Makhleb
Zin
The Shining One

Shops:
D:4 (


Innate Abilities, Weirdness & Mutations

You are immune to sickness and miasma.
You are immune to poison.
Your flesh is very heat resistant. (rF++)
You are vulnerable to cold. (rC-)
You float through the air rather than walking.
You learn spells naturally, not from books.
Your magical power is your life essence.
You have superior vitality. (+4 MHP)


Message History

Press: ? - help, Dir - look around, f - activate A cannonade of hail descends around you!
The hail pelts the troll!
The troll is heavily wounded.
You hit the troll.
The troll is heavily wounded.
The troll barely misses you. The troll claws you. The troll closely misses you.
You slash the troll!
The troll is severely wounded.
The troll closely misses you. The troll claws you. x2
The troll closely misses you. The troll claws you.
The troll claws you but does no damage.
You slash the troll!
The troll is almost dead.
The troll closely misses you. The troll barely misses you. The troll claws you!
The troll bites you! The troll claws you. The troll claws you!
* * * LOW HITPOINT WARNING * * *
A divine shield forms around you! You block the troll's attack.
The troll claws you.
* * * LOW HITPOINT WARNING * * *
You block the troll's attack.
Aiming: Charm
Press: ? - help, Shift-Dir - straight line, f - troll
Aim: a troll (severely wounded, haloed, chance to affect: 49%)
The troll resists with some effort.
You block the troll's attack. The troll closely misses you.
The troll misses you.
Okay, then.
As you read the scroll labelled LYNULLO VOR, it crumbles to dust.
Magic quickly surges around you.
It was a scroll of vulnerability.
The troll bites you.
* * * LOW HITPOINT WARNING * * *
The troll claws you but does no damage. You block the troll's attack.
As you read the scroll labelled WUACWUYRIN, it crumbles to dust.
You feel aware of your surroundings.
It was a scroll of magic mapping.
You block the troll's attack. The troll claws you but does no damage.
You block the troll's attack.
It was a potion of flight.
You feel more buoyant.
You block the troll's attack. x2; The troll claws you!
You die...

#...........,.....,,*,>,*,>,*,,,
#.#.#.#.#...,....,,,*,,,,,,,*,,,
#.........##*#..,,,,*********,,,
#.#.#[#.#..# #.#**,,,,,,,,,**,,,
#..........# #.#####******,*,,,,
##.#.#.#.#..# #.....#######+#..,,
#...).......# #..##..........(#..
#..#)#)#.#..# #.T##...........#..
#...[.......# #.@##...........#..
#.#.......#.# #...#...........#..
#.........#.# #.###...........#..
###....)..#.#######..............
#.......#.......#............#.
#.......#######.#.........#.†..
#.........#<.##.############.##
#......#.###.##..............#
#......#.# #.##..#############


You could see a troll (weak-willed).

Vanquished Creatures
  Sigmund (D:2)
  An acid dragon (D:4)
  Duvessa (D:5)
  A water moccasin (D:7)
  An orc warrior (D:7)
  A black bear (D:5)
  A centaur (D:5)
  A phantom (D:4)
  Blork the orc (D:5)
  2 scorpions
  A water moccasin zombie (D:5)
  Dowan (D:5)
  A bullfrog zombie (D:6)
  2 jellies
  Crazy Yiuf (D:5)
  5 orc priests
  3 hounds
  A bullfrog skeleton (D:4)
  3 iguanas (D:5)
  Natasha (thrice) (D:2)
  4 orc wizards
  2 scorpion zombies (D:5)
  A hound zombie (D:5)
  A hound skeleton (D:4)
  A howler monkey skeleton (D:6)
  4 gnolls (D:3)
  8 adders
  A shadow imp (D:4)
  2 ufetubi
  An adder skeleton (D:5)
  3 worms
  26 orcs
  8 ball pythons
  6 endoplasms
  2 giant cockroaches (D:1)
  11 goblins
  2 hobgoblins (D:1)
  2 jackals (D:3)
  2 quokkas (D:1)
  8 bats
  2 frilled lizards (D:1)
  4 kobolds
  3 rats
136 creatures vanquished.

Vanquished Creatures (others)
  58 foxfires
  3 plants (D:3)
61 creatures vanquished.

Grand Total: 197 creatures vanquished

Notes
Turn   | Place    | Note
-------+----------+-------------------------------------------
     0 | D:1      | enile the Djinni Ice Elementalist began the quest for the
                  | Orb.
     0 | D:1      | Reached XP level 1. HP: 15/15 MP: 0/0
   198 | D:1      | Reached skill level 1 in Fighting
   457 | D:1      | Reached XP level 2. HP: 5/22 MP: 0/0
  1375 | D:1      | Reached XP level 3. HP: 11/28 MP: 0/0
  1375 | D:1      | Learned a level 1 spell: Foxfire
  2421 | D:2      | Noticed Natasha
  2432 | D:2      | Killed Natasha
  2433 | D:2      | Reached XP level 4. HP: 23/33 MP: 0/0
  2578 | D:2      | Reached skill level 4 in Spellcasting
  2609 | D:2      | Noticed Natasha
  2619 | D:2      | Killed Natasha
  2718 | D:2      | You are sucked into a shaft and drop 2 floors!
  3062 | D:4      | Reached XP level 5. HP: 30/40 MP: 0/0
  3062 | D:4      | Learned a level 2 spell: Corpse Rot
  3178 | D:4      | Noticed an acid dragon
  3371 | D:4      | Found Jopnipn's Weapon Shoppe.
  3664 | D:2      | Noticed Natasha
  3668 | D:2      | Killed Natasha
  3890 | D:2      | Noticed Sigmund
  3902 | D:2      | Killed Sigmund
  3903 | D:2      | Reached skill level 5 in Spellcasting
  3903 | D:2      | Reached XP level 6. HP: 28/46 MP: 0/0
  4123 | D:2      | Found a faded altar of an unknown god.
  4163 | D:2      | Prayed at the altar of an unknown god.
  4163 | D:2      | Became a worshipper of Zin the Law-Giver
  4163 | D:2      | Reached * piety under Zin
  4163 | D:2      | Reached ** piety under Zin
  4476 | D:3      | Reached XP level 7. HP: 31/50 MP: 0/0
  4476 | D:3      | Learned a level 2 spell: Poisonous Vapours
  4661 | D:3      | Found a glowing golden altar of the Shining One.
  4701 | D:3      | Fell from the grace of Zin
  4701 | D:3      | Became a worshipper of the Shining One
  4847 | D:3      | Reached * piety under the Shining One
  4962 | D:3      | Reached skill level 6 in Spellcasting
  5162 | D:3      | Reached skill level 1 in Invocations
  5839 | D:4      | Reached XP level 8. HP: 25/58 MP: 0/0
  6061 | D:4      | The Shining One protects you from harm!
  6066 | D:4      | The Shining One protects you from harm!
  6822 | D:5      | Entered Level 5 of the Dungeon
  6994 | D:5      | Found a broken altar of Ashenzari.
  7149 | D:5      | Reached skill level 1 in Short Blades
  7429 | D:5      | Found a runed translucent door.
  7430 | D:5      | Noticed Crazy Yiuf
  7470 | D:5      | Noticed Blork the orc
  7476 | D:5      | Killed Blork the orc
  7793 | D:5      | Reached ** piety under the Shining One
  7849 | D:5      | Found a burning altar of Makhleb.
  7898 | D:5      | Noticed Duvessa
  7899 | D:5      | Noticed Dowan
  7905 | D:5      | Killed Dowan
  8158 | D:5      | Killed Duvessa
  8514 | D:5      | Found a shadowy altar of Dithmenos.
  8555 | D:5      | Found a glowing silver altar of Zin.
  8693 | D:5      | Killed Crazy Yiuf
  8694 | D:5      | Reached XP level 9. HP: 62/62 MP: 0/0
  8694 | D:5      | Learned a level 3 spell: Lesser Beckoning
  8802 | D:5      | Reached skill level 7 in Spellcasting
 10357 | D:7      | Reached skill level 8 in Spellcasting
 10361 | D:7      | Reached skill level 1 in Axes
 10606 | D:7      | Noticed a troll
 10618 | D:7      | HP: 3/62 [troll (5)]
 10620 | D:7      | Mangled by a troll

Illustrated notes

Levels and vault maps discovered:
D:1:      dpeg_arrival_signposts, layout_loops_ring
D:2:      layout_loops_cross, serial_glass, glass_columns_c, glass_columns_b,
          glass_columns_a, glass_columns_a, dreamdust_ecumenical_altar_statues,
          minmay_misc_feat_four_crosses, uniq_sigmund, uniq_natasha
D:3:      layout_basic, tso_oasis_becter, lemuel_old_faithful
D:4:      wad_crossroads, layout_loops_ring, serial_shops,
          nicolae_shop_behind_doors, serial_park_tiny_2
D:5:      layout_loops_ring, nicolae_overflow_quartered_altars,
          uniq_blork_the_orc, uniq_duvessa, uniq_crazy_yiuf_cottage
D:6:      layout_basic
D:7:      layout_basic, minmay_temple_entry_from_below_a, serial_glass,
          glass_columns_c, glass_columns_b, minmay_misc_feat_diagonals,
          kennysheep_doodads, minivault_1

Skill      XL: |  1  2  3  4  5  6  7  8  9 |
---------------+----------------------------+-----
Fighting       | 1 2 3 4 |  4.0
Spellcasting   | 4 5 6 8 |  8.0
Invocations    | 3 |  3.0
Dodging        | 4 |  4.0
Short Blades   | 2 |  2.0
Stealth        | 2 |  2.0
Axes           | 2 |  2.1

Action                   |  1- 3 |  4- 6 |  7- 9 || total
-------------------------+-------+-------+-------++-------
Melee: Unarmed           |    32 |     3 |       ||    35
       Short sword       |       |    42 |   122 ||   164
       Punch             |       |       |     3 ||     3
       Battleaxe         |       |       |    74 ||    74
Throw: Throwing net      |       |       |     1 ||     1
 Cast: Freeze            |    38 |    11 |     5 ||    54
       Frozen Ramparts   |     2 |    12 |    23 ||    37
       Ozocubu's Armour  |       |     6 |     9 ||    15
       Foxfire           |       |     7 |    31 ||    38
       Poisonous Vapours |       |       |    14 ||    14
       Hailstorm         |       |       |    13 ||    13
Invok: Divine Shield     |       |       |     3 ||     3
Evoke: Wand              |       |       |     1 ||     1
  Use: Scroll            |       |     2 |     6 ||     8
       Potion            |       |       |     2 ||     2
 Stab: Sleeping          |     1 |     2 |       ||     3
Armor: Robe              |    16 |     8 |       ||    24
       Leather armour    |       |       |    77 ||    77
       Skin              |       |       |     3 ||     3
Dodge: Dodged            |    40 |    36 |   181 ||   257
Block: Other             |       |       |    14 ||    14
